 Dungeon Sprint DCSS version 0.13-a0-2995-g9a84c3d (webtiles) character file.

13530 Misa the Executioner (level 11, -1/162 HPs)
             Began as a Lava Orc Berserker on Sept 8, 2013.
             Was the Champion of Trog.
             Succumbed to a merfolk impaler's poison
             ... in the Dungeon (Sprint V: "Ziggurat Sprint").
             The game lasted 00:13:06 (638 turns).

Misa the Executioner (Lava Orc Berserker)            Turns: 638, Time: 00:13:07

HP  -1/162       AC 33     Str 44      XL: 11   Next: 76%
MP  10/10        EV  8     Int  7      God: Trog [******]
Gold 20          SH  0     Dex 10      Spells:  0 memorised, 10 levels left

Res.Fire  : + + +   See Invis. : +   J - +12,+15 obsidian axe {chop, +Fly Str+3 SIn Res.Cold : . . . Warding : . K - +15 Maxwell's patent armour {rCorr, Cons, Life Prot.: . . . Conserve : + (no shield)
Res.Poison: .       Res.Corr.  : +   L - +0 helmet of Grace {rC+}
Res.Elec. : .       Clarity    : .   M - +0 cloak
Sust.Abil.: . .     Spirit.Shd : .   (no gloves)
Res.Mut.  : .       Prev.Telep.: +   (no boots)
Res.Rott. : .       Flight     : .   (no amulet)
Saprovore : + . .                    H - +6 ring of strength
                                     G - +6 ring of strength

@: mesmerised, regenerating, berserking, extremely poisoned, drained, very
quick, extraordinarily resistant to hostile enchantments, extremely unstealthy
A: conserve scrolls, saprovore 1
a: Burn Spellbooks, Berserk, Trog's Hand, Brothers in Arms, Renounce Religion,
Evoke Flight


You were in the Dungeon.
You worshipped Trog.
Trog was exalted by your worship.
You were hungry.

You visited 1 branch

Inventory:

Hand weapons
 J - the cursed +12,+15 obsidian axe (weapon) {chop, +Fly Str+3 SInv Curse}
   (You found it in the Dungeon)

   It inflicts extra damage upon your enemies.
   It affects your strength (+3).
   It enhances your eyesight.
   It lets you fly.
   It may recurse itself.
   It has a curse placed upon it.
Armour
 K - the cursed +15 Maxwell's patent armour (worn) {rCorr, Cons, -Cast -Tele MR+}
   (You found it in the Dungeon)

   It affects your resistance to hostile enchantments.
   It prevents spellcasting.
   It prevents most forms of teleportation.
   It has a curse placed upon it.
 L - the cursed +0 helmet of Grace (worn) {rC+}
   (You found it in the Dungeon)

   It protects you from cold.
   It has a curse placed upon it.
 M - a +0 cloak (worn)
Magical devices
 y - a wand of disintegration (7)
 z - a wand of fire (5)
 A - a wand of cold (5)
 B - a wand of draining (5)
Comestibles
 a - 42 strawberries
 c - 5 meat rations
 j - a chunk of wyvern flesh
 k - 4 bread rations
 S - 2 chunks of elf flesh
Scrolls
 i - 4 scrolls of blinking
 l - 3 scrolls of recharging
 m - 7 scrolls of fog
 n - a scroll of holy word
 o - 5 scrolls of identify
 p - 5 scrolls of remove curse
 q - 2 scrolls of fear
 P - a scroll of brand weapon
Jewellery
 C - a +6 ring of dexterity
 D - a +6 ring of dexterity
 E - a +6 ring of intelligence
 F - a +6 ring of intelligence
 G - a +6 ring of strength (left hand)
 H - a +6 ring of strength (right hand)
 I - an uncursed ring of flight
 Q - the ring "Khasaidgh" {+Fly Dex+2 Acc+6}
   (You found it in the Dungeon)

   [ring of flight]

   It affects your dexterity (+2).
   It affects your accuracy (+6).
 R - the ring "Ydghysef" {rPois Int+3}
   (You found it in the Dungeon)

   [ring of intelligence]

   It affects your intelligence (+3).
   It protects you from poison.
Potions
 d - 10 potions of curing
 e - 9 potions of heal wounds
 f - 6 potions of speed
 g - 7 potions of magic
 h - 3 potions of berserk rage
 r - 2 potions of brilliance
 s - 2 potions of invisibility
 t - 2 potions of restore abilities
 u - 4 potions of resistance
 v - a potion of experience
 w - 5 potions of agility
 x - 5 potions of might
Books
 b - a book of Wizardry

   Spells                             Type                      Level
   Summon Elemental                   Summoning                    4
   Agony                              Necromancy                   5
   Force Lance                        Conjuration                  5
   Fireball                           Conjuration/Fire             5
   Haste                              Charms                       6
   Invisibility                       Hexes                        6
   Trog disapproves of the use of such an item.
 O - Norris' Almanac of Beguiling
   (You found it in the Dungeon)

   Spells                             Type                      Level
   Inner Flame                        Hexes/Fire                   3
   Metabolic Englaciation             Hexes/Ice                    6
   Darkness                           Hexes                        7
   Trog disapproves of the use of such an item.


   Skills:
 + Level 19.3(19.0) Fighting
 + Level 22.4(22.1) Axes
 + Level 12.1(11.9) Armour
 + Level 5.2(5.0) Dodging
 + Level 3.0(2.8) Stealth


You had 10 spell levels left.
You didn't know any spells.

Dungeon Overview and Level Annotations

Branches:
Dungeon (1/1)

Altars:
Ashenzari
Cheibriados
Elyvilon
Fedhas
Kikubaaqudgha
Makhleb
Nemelex Xobeh
Okawaru
Sif Muna
Trog
Vehumet
Xom
Yredelemnul
Zin
the Shining One
Beogh
Jiyva
Lugonu


Innate Abilities, Weirdness & Mutations

You have stony skin.
You cover ground quickly.
Your flesh is almost immune to the effects of heat.
Your fire spells are more powerful.
Your flesh is vulnerable to cold.
Your heat harms attackers.
You bathe your surroundings in blazing heat.
You are too hot to use scrolls.
You are very good at protecting items from fire.
You can tolerate rotten meat.


Message History

The merfolk impaler is almost dead.
* * * LOW HITPOINT WARNING * * *
You feel very sick.
The merfolk javelineer is burned by your radiant heat.
The merfolk javelineer is moderately wounded.
The merfolk javelineer hits you but does no damage.
You feel drained.
The merfolk javelineer is singed by your heat.
The merfolk javelineer is moderately wounded.
Your red devil hops backward while attacking.
Your red devil hits the manticore from afar with a demon trident.
The manticore dies!
Your Stealth skill increases to level 3!
You miss the merfolk impaler.
The merfolk impaler is almost dead.
You slash the merfolk javelineer!
The merfolk javelineer is heavily wounded.
You closely miss the mermaid.
Visions of slaying the merfolk javelineer flood into your mind.
You die...

### ###########
#≈≈+8©8≈+ #...8©8...#
#[["[).:=.#..}))})..#
#≈..|[=)..#...|)[:..#
#}.....≈..#...=.....#
#.)....?.≈#.........#
#..Hm≈m.≈≈#....%....#
#.mmmmm..≈#...))%...#
#t≈#@).#+ #.........#
#.)4%.#≈#.#.....#.#
+)(4.≈.≈#.........#
###################


You could see 2 merfolk impalers, a merfolk javelineer, a merfolk aquamancer, a
manticore, a merfolk, 2 mermaids, a friendly iron devil and a friendly red
devil.

Vanquished Creatures
  A merfolk javelineer (D)
  2 merfolk aquamancers (D)
  A hydra (D)
  2 deep elf knights (D)
  2 sea snakes (D)
  A death drake (D)
  3 deep elf conjurers (D)
  4 deep elf summoners (D)
  4 demonic crawlers (D)
  A spiny frog (D)
  A fire drake (D)
  A komodo dragon (D)
  2 jumping spiders (D)
  A deep elf priest (D)
  An iron devil (D)
  An ugly thing (D)
  2 tarantellas (D)
  A steam dragon (D)
  2 deep elf fighters (D)
  2 merfolk (D)
  4 wyverns (D)
  A yak (D)
  A rock worm (D)
  A wolf (shapeshifter) (D)
  A necrophage (D)
  A soldier ant (shapeshifter) (D)
  A manticore (D)
  A swamp drake (D)
  A hell hound (D)
  A phantom (D)
  A centaur (shapeshifter) (D)
  4 draconians (D)
  A giant frog (D)
  A crimson imp (D)
  An orc priest (D)
  A scorpion (D)
  2 iguanas (D)
  An iron imp (D)
  A quasit (D)
  5 orange rats (D)
  2 giant mites (D)
  A giant centipede (D)
  A shadow imp (D)
  An ufetubus (D)
  An orc (D)
  A bat skeleton (D)
  A ball python skeleton (D)
  A goblin skeleton (D)
  3 hobgoblin skeletons (D)
  A jackal skeleton (D)
  A rat skeleton (D)
  2 rat zombies (D)
  A fungus (D)
83 creatures vanquished.

Vanquished Creatures (collateral kills)
  A merfolk (D)
  A manticore (D)
  A bat (D)
  A rat zombie (D)
4 creatures vanquished.

Vanquished Creatures (others)
  A spatial maelstrom (D)
  A ynoxinul (D)
  A mottled dragon (D)
  An ufetubus (D)
4 creatures vanquished.

Grand Total: 91 creatures vanquished

Notes
Turn   | Place    | Note
--------------------------------------------------------------
     0 | D        | Misa, the Lava Orc Berserker, began the quest for the Orb.
     0 | D        | Reached XP level 1. HP: 19/19 MP: 0/0
     1 | D        | Found an ancient bone altar of Kikubaaqudgha.
     2 | D        | Found a radiant altar of Vehumet.
     2 | D        | Found an iron altar of Okawaru.
     2 | D        | Found a basalt altar of Yredelemnul.
     3 | D        | Found a shimmering altar of Xom.
     5 | D        | Found a burning altar of Makhleb.
    15 | D        | Found a deep blue altar of Sif Muna.
    16 | D        | Found a white marble altar of Elyvilon.
    17 | D        | Found a sparkling altar of Nemelex Xobeh.
    22 | D        | Banished a spatial maelstrom
    25 | D        | Found a bloodstained altar of Trog.
    80 | D        | Entered arena 1.
    80 | D        | Noticed an orc priest
    83 | D        | Killed an orc priest
    83 | D        | Reached skill level 6 in Fighting
    83 | D        | Reached XP level 2. HP: 27/27 MP: 1/1
    83 | D        | Reached XP level 3. HP: 34/34 MP: 2/2
    88 | D        | Acquired Trog's second power
    94 | D        | Entered arena 2.
    94 | D        | Noticed a centaur
    94 | D        | Noticed a wolf
    94 | D        | Noticed a white ugly thing
    95 | D        | Killed a wolf
    95 | D        | Reached skill level 8 in Fighting
    95 | D        | Reached skill level 9 in Axes
    95 | D        | Reached XP level 4. HP: 40/42 MP: 3/3
    95 | D        | Reached XP level 5. HP: 46/49 MP: 4/4
    96 | D        | Killed a centaur
    96 | D        | Reached skill level 10 in Axes
    96 | D        | Reached skill level 5 in Armour
   100 | D        | Killed a white ugly thing
   100 | D        | Reached skill level 11 in Fighting
   100 | D        | Reached XP level 6. HP: 24/59 MP: 5/5
   109 | D        | Got the cursed +0 helmet of Grace {rC+}
   125 | D        | Entered arena 3.
   125 | D        | Noticed a draconian
   125 | D        | Noticed a draconian
   125 | D        | Noticed a draconian
   125 | D        | Noticed a draconian
   129 | D        | Killed a draconian
   129 | D        | Reached skill level 12 in Axes
   129 | D        | Identified a +5 rod of inaccuracy (9/10)
   132 | D        | Killed a draconian
   132 | D        | Reached skill level 13 in Axes
   132 | D        | Reached XP level 7. HP: 67/67 MP: 6/6
   132 | D        | Killed a draconian
   132 | D        | Reached skill level 14 in Axes
   132 | D        | Reached XP level 8. HP: 77/77 MP: 7/7
   137 | D        | Killed a draconian
   137 | D        | Reached skill level 15 in Axes
   152 | D        | Identified Norris' Almanac of Beguiling (You found it in the Dungeon)
   177 | D        | Entered arena 4.
   177 | D        | Noticed a crimson imp
   177 | D        | Noticed a quasit
   177 | D        | Noticed an iron imp
   179 | D        | Killed a quasit
   179 | D        | Acquired Trog's third power
   179 | D        | Killed a crimson imp
   180 | D        | Killed an iron imp
   185 | D        | Got the ring "Cuaczam" {MP+9 Str+4 Int-4}
   191 | D        | Entered arena 5.
   191 | D        | Noticed a jumping spider
   191 | D        | Noticed a scorpion
   193 | D        | Killed a jumping spider
   193 | D        | Reached skill level 15 in Fighting
   193 | D        | Reached skill level 16 in Axes
   193 | D        | Reached XP level 9. HP: 81/85 MP: 8/8
   194 | D        | Killed a scorpion
   201 | D        | Received a gift from Trog
   209 | D        | Entered arena 6.
   209 | D        | Noticed a komodo dragon
   209 | D        | Noticed an iguana
   209 | D        | Noticed a spiny frog
   209 | D        | Noticed a giant frog
   209 | D        | Noticed an iguana
   209 | D        | Noticed a yak
   211 | D        | Killed a giant frog
   213 | D        | Killed an iguana
   215 | D        | Killed a spiny frog
   215 | D        | Killed a yak
   215 | D        | Reached skill level 17 in Axes
   217 | D        | Killed an iguana
   219 | D        | Killed a komodo dragon
   228 | D        | Received a gift from Trog
   354 | D        | Entered arena 7.
   354 | D        | Noticed a hell hound
   356 | D        | Killed a hell hound
   366 | D        | Entered arena 8.
   366 | D        | Noticed a deep elf summoner
   366 | D        | Noticed a deep elf conjurer
   366 | D        | Noticed a soldier ant
   366 | D        | Noticed a deep elf knight
   366 | D        | Noticed a deep elf knight
   366 | D        | Noticed a deep elf summoner
   366 | D        | Noticed a deep elf summoner
   367 | D        | Noticed a demonic crawler
   367 | D        | Noticed a demonic crawler
   370 | D        | Noticed a demonic crawler
   371 | D        | Killed a demonic crawler
   371 | D        | Killed a demonic crawler
   372 | D        | Killed a deep elf knight
   373 | D        | Killed a deep elf conjurer
   373 | D        | Reached skill level 18 in Axes
   373 | D        | Reached XP level 10. HP: 91/96 MP: 9/9
   374 | D        | Killed a deep elf summoner
   375 | D        | Killed a deep elf summoner
   375 | D        | Received a gift from Trog
   376 | D        | Killed a soldier ant
   379 | D        | Killed a deep elf knight
   379 | D        | Reached skill level 19 in Axes
   380 | D        | Killed a demonic crawler
   384 | D        | Killed a deep elf summoner
   391 | D        | Received a gift from Trog
   399 | D        | Entered arena 9.
   399 | D        | Noticed a phantom
   399 | D        | Noticed a necrophage
   404 | D        | Killed a necrophage
   408 | D        | Killed a phantom
   408 | D        | Reached skill level 10 in Armour
   418 | D        | Got the ring "Khasaidgh" {+Fly Dex+2 Acc+6}
   421 | D        | Entered arena 10.
   421 | D        | Noticed a deep elf conjurer
   421 | D        | Noticed a deep elf conjurer
   421 | D        | Noticed a deep elf summoner
   421 | D        | Noticed a deep elf fighter
   421 | D        | Noticed a deep elf priest
   421 | D        | Noticed a deep elf fighter
   428 | D        | Killed a deep elf conjurer
   429 | D        | Killed a deep elf conjurer
   429 | D        | Received a gift from Trog
   429 | D        | Reached skill level 20 in Axes
   431 | D        | Killed a deep elf summoner
   433 | D        | Killed a deep elf fighter
   433 | D        | Killed a deep elf priest
   441 | D        | Killed a deep elf fighter
   447 | D        | Got the ring "Ydghysef" {rPois Int+3}
   517 | D        | Entered arena 11.
   517 | D        | Noticed a wyvern
   517 | D        | Noticed a steam dragon
   517 | D        | Noticed a six-headed hydra
   517 | D        | Noticed a wyvern
   517 | D        | Noticed a death drake
   517 | D        | Noticed a wyvern
   517 | D        | Noticed a wyvern
   517 | D        | Noticed a swamp drake
   518 | D        | Noticed a mottled dragon
   518 | D        | Noticed a fire drake
   524 | D        | Killed a fire drake
   524 | D        | Received a gift from Trog
   524 | D        | Reached XP level 11. HP: 65/106 MP: 10/10
   524 | D        | Killed a mottled dragon
   525 | D        | Killed a wyvern
   525 | D        | Killed a death drake
   525 | D        | Reached skill level 21 in Axes
   525 | D        | Killed a swamp drake
   527 | D        | Killed an eight-headed hydra
   529 | D        | Killed a wyvern
   535 | D        | Killed a wyvern
   540 | D        | Killed a wyvern
   542 | D        | Killed a steam dragon
   560 | D        | Received a gift from Trog
   578 | D        | Got the ring of the Many Eyes {rF- MR++ AC+2}
   619 | D        | Entered arena 12.
   619 | D        | Noticed a merfolk
   619 | D        | Noticed a merfolk
   619 | D        | Noticed a merfolk impaler
   619 | D        | Noticed a merfolk javelineer
   619 | D        | Noticed a merfolk aquamancer
   619 | D        | Noticed a sea snake
   619 | D        | Noticed a mermaid
   619 | D        | Noticed a merfolk impaler
   619 | D        | Noticed a mermaid
   619 | D        | Noticed a manticore
   619 | D        | Noticed a merfolk
   619 | D        | Noticed a manticore
   619 | D        | Noticed a merfolk javelineer
   619 | D        | Noticed a merfolk
   620 | D        | Noticed a merfolk aquamancer
   620 | D        | Noticed a snapping turtle
   620 | D        | Noticed a manticore
   620 | D        | Noticed a merfolk aquamancer
   620 | D        | Noticed a sea snake
   621 | D        | Killed a merfolk
   623 | D        | Killed a merfolk javelineer
   623 | D        | Reached skill level 1 in Stealth
   624 | D        | Killed a manticore
   625 | D        | Killed a merfolk
   625 | D        | Received a gift from Trog
   629 | D        | Killed a sea snake
   630 | D        | Killed a merfolk aquamancer
   630 | D        | Reached skill level 22 in Axes
   630 | D        | Reached skill level 5 in Dodging
   631 | D        | Killed a sea snake
   632 | D        | Killed a merfolk
   636 | D        | HP: 5/162 [merfolk impaler/runed demon trident (5)]
   637 | D        | Killed a merfolk aquamancer
   637 | D        | Received a gift from Trog
   637 | D        | Killed a manticore
   638 | D        | Succumbed to a merfolk impaler's poison

Action                   |  1- 3 |  4- 6 |  7- 9 | 10-12 || total
-------------------------+-------+-------+-------+-------++-------
Melee: Broad axe         |     5 |     8 |    27 |    58 ||    98
Invok: Trog's Hand       |       |     2 |     2 |     4 ||     8
       Berserk           |       |     1 |       |     3 ||     4
  Use: Potion            |       |       |       |     1 ||     1
 Stab: Confused          |       |       |       |     2 ||     2
